Map: Ruins of Seras

Players

Cham

  • Race: Zerg Zerg
  • League: Grandmaster

HuK - Winner!

  • Race: Protoss Protoss
  • League: Grandmaster

Event: NationWars III

VOD

Have the link to the VOD?

Description

Time

  • Played on: Dec. 10, 2015, 10:40 a.m.
  • Length: 10:55
Show
View Real Time Build Order
Export as new Build Order

Cham Zerg 

Build Orders: 3 Hatch before Pool 

Get SALT Encoding   

  12  0:01  Drone  
  13  0:09  Drone  
  14  0:18  Overlord  
  14  0:36  Drone x3  
  17  0:56  Hatchery  
  16  1:00  Drone  
  16  1:02  Drone  
  18  1:25  Hatchery  
  17  1:27  Drone  
  18  1:36  Extractor  
  17  1:43  Spawning Pool  
  17  1:45  Drone  
  17  1:50  Drone  
  18  1:55  Drone  
  18  1:58  Drone  
  20  2:08  Drone  
  20  2:09  Drone  
  22  2:19  Drone x2  
  24  2:30  Drone  
  24  2:31  Zergling x2  
  24  2:33  Queen  
  28  2:41  Metabolic Boost  
  28  2:43  Zergling x6  
  31  2:49  Overlord  
  31  2:55  Queen  
  31  2:57  Drone  
  34  3:05  Overlord  
  34  3:12  Drone x5  
  39  3:15  Drone  
  40  3:20  Overlord  
  40  3:23  Drone  
  40  3:25  Drone  
  42  3:29  Queen  
  44  3:35  Drone x3  
  46  3:42  Drone x4  
  50  3:51  Drone x2  
  50  3:53  Roach Warren  
  50  3:54  Drone  
  52  3:56  Spore Crawler  
  52  3:57  Spore Crawler  
  52  4:01  Spore Crawler  
  49  4:05  Zergling x4  
  49  4:06  Zergling x4  
  49  4:07  Zergling x2  
  54  4:12  Zergling x4  
  54  4:14  Drone  
  54  4:15  Overlord  
  57  4:19  Overlord  
  57  4:27  Overlord  
  58  4:38  Drone x4  
  58  4:39  Drone  
  58  4:42  Drone x3  
  58  4:45  Drone x5  
  69  4:46  Drone  
  69  4:47  Overlord  
  69  4:49  Extractor  
  69  4:50  Evolution Chamber  
  69  4:55  Evolution Chamber  
  69  4:57  Roach  
  69  4:59  Roach x3  
  76  5:03  Roach x2  
  81  5:10  Roach  
  81  5:16  Roach x2, Zergling x6  
  81  5:20  Zergling x6  
  89  5:24  Zergling x2  
  86  5:31  Ravager  
  86  5:34  Zergling x6  
  88  5:39  Roach  
  88  5:40  Zergling x2  
  88  5:48  Drone  
  86  5:52  Drone x2  
  86  5:55  Overlord  
  84  6:04  Drone x3  
  84  6:05  Drone x3  
  84  6:07  Overlord x2  
  84  6:09  Lair  
  89  6:12  Extractor  
  89  6:13  Extractor  
  89  6:15  Overlord x2  
  89  6:17  Roach x2  
  91  6:19  Hatchery  
  91  6:22  Ravager  
  89  6:26  Roach, Zergling x2  
  89  6:30  Roach  
  89  6:31  Zergling x4  
  91  6:35  Drone  
  91  6:36  Drone x2  
  91  6:39  Drone  
  90  6:40  Drone x2  
  90  6:44  Roach, Zergling x6  
  96  6:51  Drone x2  
  93  6:56  Drone  
  93  7:01  Drone  
  92  7:03  Drone  
  92  7:07  Drone  
  94  7:12  Hatchery  
  94  7:13  Drone x2  
  94  7:14  Drone x3  
  98  7:21  Zerg Ground Armor Level 1  
  98  7:22  Drone, Zerg Melee Weapons Level 1  
  99  7:23  Drone  
  99  7:24  Drone  
  99  7:26  Queen  
  99  7:29  Overseer  
  103  7:31  Drone  
  103  7:33  Drone  
  103  7:34  Drone, Infestation Pit  
  103  7:36  Overlord  
  105  7:37  Queen  
  105  7:38  Drone  
  105  7:39  Drone  
  105  7:42  Drone x2  
  105  7:44  Drone  
  112  7:47  Overlord  
  112  7:48  Drone  
  113  7:54  Queen  
  113  7:56  Drone x4  
  113  7:57  Drone  
  120  7:59  Overlord  
  120  8:02  Overlord  
  119  8:06  Drone x4  
  119  8:11  Hive  
  123  8:14  Pathogen Glands  
  123  8:16  Zergling x4  
  125  8:21  Overlord  
  125  8:23  Drone x3, Extractor x2  
  126  8:27  Zergling x6  
  126  8:28  Zergling x4  
  126  8:29  Overlord  
  131  8:34  Zergling x4  
  131  8:35  Zergling x4  
  131  8:40  Roach x4  
  143  8:42  Zergling x4  
  143  8:46  Roach, Zergling x4  
  143  8:47  Zergling x2  
  149  8:50  Roach x2, Zergling x2  
  149  8:54  Zergling x10  
  159  8:57  Ravager  
  159  8:58  Ravager x4  
  159  8:59  Ravager, Zergling x4  
  167  9:07  Roach x3, Zergling x4  
  167  9:09  Roach x3  
  182  9:10  Zergling x2  
  182  9:12  Overlord  
  182  9:14  Overlord  
  182  9:22  Overlord x2  
  182  9:28  Overlord x2  
  182  9:29  Overlord x2  
  182  9:33  Zergling x10  
  182  9:38  Zergling x10  
  191  9:39  Ravager x2  
  183  9:50  Roach x2  
  183  9:51  Roach x2, Zergling x6  
  166  9:59  Roach x5, Zergling x2  
  155  10:00  Zergling x4  
  155  10:04  Roach x3, Zergling x2  
  155  10:05  Zergling x2  
  143  10:13  Roach x3, Zergling x4  
  143  10:14  Zergling x2  
  144  10:16  Zergling x4  
  144  10:17  Zergling x2  
  134  10:22  Zergling x2  
  132  10:28  Zergling x2  
  132  10:29  Zergling x4  
  132  10:35  Zergling x6  
Show
View Real Time Build Order
Export as new Build Order

HuK Protoss - Winner!

Build Orders: Nexus First 

Get SALT Encoding   

  12  0:01  Probe (Chrono Boost)  
  13  0:11  Probe (Chrono Boost)  
  14  0:18  Pylon  
  14  0:23  Probe (Chrono Boost)  
  15  0:36  Probe (Chrono Boost)  
  16  0:47  Probe (Chrono Boost)  
  17  1:01  Nexus  
  17  1:08  Gateway  
  17  1:12  Probe (Chrono Boost)  
  18  1:19  Assimilator  
  18  1:23  Probe (Chrono Boost)  
  19  1:30  Assimilator  
  19  1:33  Probe (Chrono Boost)  
  20  1:41  Gateway  
  20  1:44  Probe (Chrono Boost)  
  21  1:56  Cybernetics Core  
  21  1:57  Probe (Chrono Boost)  
  22  2:08  Probe (Chrono Boost)  
  23  2:13  Probe (Chrono Boost)  
  24  2:18  Probe (Chrono Boost)  
  25  2:23  Probe (Chrono Boost)  
  25  2:29  Probe (Chrono Boost)  
  27  2:32  Robotics Facility  
  27  2:33  Warp Gate  
  27  2:34  Probe (Chrono Boost)  
  28  2:39  Probe (Chrono Boost)  
  29  2:46  Pylon  
  29  2:47  Probe (Chrono Boost)  
  29  2:49  Sentry  
  29  2:51  Probe (Chrono Boost)  
  33  2:58  Probe (Chrono Boost)  
  34  3:04  Probe (Chrono Boost)  
  35  3:09  Mothership Core (Chrono Boost)  
  37  3:14  Gateway, Probe (Chrono Boost)  
  37  3:16  Gateway  
  38  3:24  Warp Prism  
  41  3:27  Probe (Chrono Boost)  
  41  3:29  Probe (Chrono Boost)  
  41  3:32  Sentry  
  44  3:35  Pylon  
  44  3:40  Probe x2 (Chrono Boost)  
  46  3:45  Gateway  
  46  3:53  Probe x2 (Chrono Boost)  
  46  3:54  Pylon  
  48  4:00  Assimilator  
  48  4:01  Assimilator  
  48  4:04  Probe (Chrono Boost)  
  49  4:12  Probe (Chrono Boost)  
  49  4:15  Probe (Chrono Boost)  
  51  4:18  Pylon  
  51  4:20  Pylon  
  51  4:22  Probe (Chrono Boost)  
  51  4:23  Twilight Council  
  52  4:29  Probe (Chrono Boost)  
  53  4:39  Nexus  
  53  4:41  Sentry x4  
  61  4:49  Probe x2 (Chrono Boost)  
  61  4:50  Pylon  
  63  5:05  Adept x5  
  73  5:11  Pylon  
  73  5:12  Pylon  
  73  5:25  Adept  
  73  5:26  Adept x4  
  77  5:48  Probe (Chrono Boost)  
  77  5:49  Probe (Chrono Boost)  
  71  5:50  Pylon  
  71  5:51  Immortal (Chrono Boost), Pylon  
  75  6:00  Resonating Glaives  
  75  6:01  Probe  
  75  6:02  Probe  
  75  6:08  Probe, Forge  
  72  6:11  Probe  
  72  6:14  Probe  
  72  6:16  Sentry  
  72  6:17  Adept x3  
  82  6:18  Probe  
  82  6:20  Sentry  
  82  6:22  Probe  
  86  6:27  Probe  
  85  6:32  Probe  
  85  6:33  Probe  
  85  6:39  Probe  
  80  6:43  Sentry, Adept x3  
  88  6:47  Adept  
  88  6:56  Probe  
  88  6:58  Probe  
  88  7:00  Pylon, Assimilator x2  
  82  7:02  Gateway  
  82  7:03  Gateway  
  82  7:05  Gateway x2  
  82  7:06  Immortal (Chrono Boost)  
  82  7:12  Protoss Ground Weapons Level 1 (Chrono Boost)  
  86  7:16  Stalker  
  86  7:17  Stalker  
  86  7:18  Stalker x2  
  94  7:23  Adept  
  94  7:26  Probe x2  
  99  7:35  Gateway  
  99  7:36  Blink  
  98  7:44  Observer  
  98  7:46  Robotics Bay  
  99  7:58  Sentry  
  99  7:59  Stalker  
  99  8:01  Stalker x2  
  99  8:02  Stalker x5  
  117  8:11  Immortal  
  121  8:23  Stalker x2  
  125  8:30  Adept x7  
  139  8:45  Nexus  
  139  8:48  Stalker  
  141  8:57  Pylon  
  141  9:05  Pylon  
  141  9:06  Pylon  
  141  9:10  Disruptor  
  141  9:12  Pylon  
  144  9:19  Adept x2  
  148  9:25  Adept x8  
  162  9:50  Stalker x2, Adept  
  162  9:51  Zealot x6  
  132  10:15  Stalker x6  
  132  10:16  Stalker x2  
  132  10:37  Sentry x2  
  130  10:43  Stalker x5  
Tags
 
Add a new tag
Caveats
  • Supply blocks, unpowered buildings, or Contaminate may cause inaccurate times.
  • Supply counts are checked every 10 seconds.